 Dungeon Crawl Stone Soup version 0.27.1-34-g3ba077fa99 (webtiles) character file.

Game seed: 17481350225770895181

793 pkoi the Martial Artist (level 7, -3/57 HPs)
             Began as a White Draconian Monk on Jan 17, 2022.
             Slain by a centaur (7 damage)
             ... on level 4 of the Dungeon.
             The game lasted 00:07:29 (6067 turns).

pkoi the Martial Artist (White Draconian Monk)      Turns: 6067, Time: 00:07:29

Health: -3/57      AC: -2    Str: 13    XL:     7   Next: 57%
Magic:  7/7        EV: 12    Int: 12    God:
Gold:   128        SH:  5    Dex: 14    Spells: 6/6 levels left

rFire    . . .     SeeInvis .     - Unarmed
rCold    + . .     Faith    .   (no shield)
rNeg     . . .     Spirit   .   (armour unavailable)
rPois    .         Reflect  +   (helmet restricted)
rElec    .         Harm     .   (no cloak)
rCorr    .         Rampage  .   (no gloves)
Will     .....                  (no boots)
Stlth    ++........             e - amulet of reflection
HPRegen  0.19/turn              (no ring)
MPRegen  0.10/turn              (no ring)

@: corroded
A: breathe frost, AC +6, unfitting armour, cold resistance 1, cold-blooded
a: Breathe Frost


You were on level 4 of the Dungeon.
You visited 1 branch of the dungeon, and saw 5 of its levels.

You collected 128 gold pieces.

Inventory:

Hand Weapons
 f - a +0 dagger
 i - a +0 whip of venom
 m - a +2 vampiric whip
Missiles
 g - 10 poisoned darts (quivered)
Jewellery
 e - an amulet of reflection (around neck)
Scrolls
 a - 2 scrolls of identify
 b - a scroll of immolation {unknown}
 c - 3 scrolls of blinking {unknown}
 d - a scroll of enchant armour {unknown}
 n - 2 scrolls of torment
 o - a scroll of fog
Potions
 j - a potion of brilliance


   Skills:
 - Level 3.2 Fighting
 - Level 2.6 Dodging
 - Level 1.7 Stealth
 + Level 9.1 Unarmed Combat


You had 6 spell levels left.
You didn't know any spells.
Your spell library contained the following spells:

 Spells                   Type           Power      Damage    Failure   Level
 Animate Skeleton         Necr           0%         N/A       32%         1
 Apportation              Tloc           0%         N/A       32%         1
 Corona                   Hex            0%         N/A       32%         1
 Summon Small Mammal      Summ           0%         N/A       32%         1
 Slow                     Hex            0%         N/A       45%         2
 Confusing Touch          Hex            0%         N/A       69%         3
 Vampiric Draining        Necr           0%         2d6       69%         3


Dungeon Overview and Level Annotations

Branches:
Dungeon (5/15)
 Temple: D:4-7

Altars:
Ashenzari
Cheibriados
Nemelex Xobeh
Uskayaw

Annotations:
D:2 Sigmund


Innate Abilities, Weirdness & Mutations

You can breathe waves of freezing cold which knock back foes.
Your icy white scales are hard. (AC +6)
You cannot fit into any form of body armour.
Your flesh is cold resistant. (rC+)
You are cold-blooded and may be slowed by cold attacks.


Message History

You block the centaur's attack. The centaur barely misses you.
You hit the jelly but do no damage. The acid corrodes you!
Your hands burn!
* * * LOW HITPOINT WARNING * * *
You tail-slap the jelly.
You kill the jelly!
The centaur hits you.
* * * LOW HITPOINT WARNING * * *
The centaur closely misses you. The centaur hits you.
* * * LOW HITPOINT WARNING * * *
The centaur kicks you.
* * * LOW HITPOINT WARNING * * *
You closely miss the centaur.
The centaur is lightly wounded.
The centaur barely misses you. The centaur kicks you.
* * * LOW HITPOINT WARNING * * *
You block the centaur's attack. The centaur barely misses you.
You hit the centaur.
The centaur is lightly wounded.
The centaur hits you.
* * * LOW HITPOINT WARNING * * *
The centaur barely misses you.
Okay, then.
As you read the scroll labelled TESYADGH YLORERCH, it crumbles to dust.
It is a scroll of identify.
o - a scroll of fog You block the centaur's attack.
The centaur kicks you.
* * * LOW HITPOINT WARNING * * *
As you read the scroll labelled FIRETI ROANEC, it crumbles to dust.
Your body is wracked with pain!
* * * LOW HITPOINT WARNING * * *
The centaur convulses!
It was a scroll of torment.
The centaur barely misses you. x2; You block the centaur's attack.
The centaur kicks you.
* * * LOW HITPOINT WARNING * * *
Unknown command.
As you read the scroll labelled ICHOCV JUENE, it crumbles to dust.
It is a scroll of amnesia.
You feel forgetful for a moment. The centaur hits you!
You die...

#######.†....# #.#
#P#P.###..##### #.#
#._...#.......# #####.#
##....#...##### #...#.#
#._P⌠.'.....#######.#.#.#
##...P#.........[.....#.#
#_...#..##.##†.......#.#######
##..##..##.#>c................
#P##P...##.#.@.####..##...####
##...#..##.#.........##...# #
#####..##.#....###..##...# #
#............# #..##...# ##
#...####.....###..##...###.
#...# #..........###...##.
#...# #..............#.#..
#...# ##..#.###..##..#....
##### #.†#.###........#..


You could see a centaur.

Vanquished Creatures
  A water moccasin (D:5)
  A black bear (D:5)
  A centaur (D:5)
  A bullfrog (D:4)
  A jelly (D:4)
  A hound (D:4)
  An iguana (D:3)
  A scorpion zombie (D:4)
  Terence (D:3)
  An orc wizard (D:3)
  Natasha (D:2)
  2 hound zombies (D:4)
  A hound skeleton (D:4)
  7 gnolls
  7 adders
  An adder zombie (D:4)
  An adder skeleton (D:4)
  A worm (D:2)
  A dart slug (D:4)
  4 orcs
  5 bats
  4 endoplasms
  4 giant cockroaches
  3 goblins
  8 hobgoblins
  10 jackals
  10 kobolds
  4 quokkas
  2 ball pythons
  4 frilled lizards
  3 rats
93 creatures vanquished.

Notes
Turn   | Place    | Note
-------+----------+-------------------------------------------
     0 | D:1      | pkoi the Draconian Monk began the quest for the Orb.
     0 | D:1      | Reached XP level 1. HP: 19/19 MP: 1/1
   115 | D:1      | Reached XP level 2. HP: 14/26 MP: 2/2
   364 | D:1      | Found a faded altar of an unknown god.
   605 | D:1      | Reached skill level 4 in Unarmed Combat
   961 | D:2      | Reached XP level 3. HP: 31/31 MP: 3/3
  1121 | D:2      | Noticed Natasha
  1138 | D:2      | Killed Natasha
  1446 | D:2      | Reached XP level 4. HP: 37/38 MP: 4/4
  1484 | D:2      | Reached skill level 5 in Unarmed Combat
  1627 | D:2      | Noticed Sigmund
  1871 | D:3      | Noticed Terence
  2853 | D:3      | Reached XP level 5. HP: 45/45 MP: 5/5
  2969 | D:3      | Reached skill level 6 in Unarmed Combat
  3349 | D:3      | Killed Terence
  4207 | D:4      | Found a broken altar of Ashenzari.
  4232 | D:3      | Reached XP level 6. HP: 34/51 MP: 6/6
  4788 | D:4      | Reached skill level 7 in Unarmed Combat
  5160 | D:4      | Found a sparkling altar of Nemelex Xobeh.
  5160 | D:4      | Found a snail-covered altar of Cheibriados.
  5160 | D:4      | Found a hide-covered altar of Uskayaw.
  5203 | D:5      | Entered Level 5 of the Dungeon
  5272 | D:5      | Reached skill level 8 in Unarmed Combat
  5272 | D:5      | Your scales start taking on an icy white colour.
  5272 | D:5      | Reached XP level 7. HP: 39/57 MP: 7/7
  5272 | D:5      | Gained mutation: Your flesh is cold resistant. (rC+) [White
                  | Draconian growth]
  5915 | D:4      | Reached skill level 9 in Unarmed Combat
  6067 | D:4      | Slain by a centaur

Illustrated notes

Levels and vault maps discovered:
D:1:      doesnt_arrival_eight_statues, layout_rooms,
          hellmonk_ecumenical_altar_dog_temple, minivault_24
D:2:      layout_basic, uniq_sigmund, uniq_natasha
D:3:      layout_basic, uniq_terence
D:4:      layout_basic, evilmike_ruin_ashenzari,
          gammafunk_temple_overflow_forgotten, serial_undead, serial_undead_f,
          serial_undead_c, serial_undead_e, serial_undead_d
D:5:      layout_gridville, st_stairs_7, nrook_mini_vaults

Skill      XL: |  1  2  3  4  5  6  7 |
---------------+----------------------+-----
Unarmed Combat | 4 5 6 8 9 |  9.1
Fighting       | |  3.2
Dodging        | |  2.6
Stealth        | |  1.7

Action                   |  1- 3 |  4- 6 |  7- 9 || total
-------------------------+-------+-------+-------++-------
Melee: Unarmed           |   110 |   278 |    32 ||   420
       Tailslap          |     8 |    46 |     4 ||    58
       Punch             |     2 |     7 |     2 ||    11
       Whip              |       |    16 |       ||    16
 Abil: Breathe Frost     |       |       |     1 ||     1
  Use: Potion            |     1 |       |     3 ||     4
       Scroll            |       |       |     3 ||     3
 Stab: Sleeping          |     2 |     2 |       ||     4
Armor: Skin              |    45 |    84 |    13 ||   142
Dodge: Dodged            |    65 |   208 |    31 ||   304
Block: Other             |       |     3 |    16 ||    19
       Reflection        |       |       |     1 ||     1
